 Dungeon Crawl Stone Soup version bcrawl-1.20 (webtiles) character file.

Game seed: 12899002382931334213

93 Freyura the Distorting Demonspawn (level 4, -1/35 HPs)
             Began as a Demonspawn Abyssal Knight on Jan 20, 2020.
             Was a Believer of Lugonu.
             Slain by an ogre
             ... wielding a +0 giant club
              (11 damage)
             ... on level 3 of the Dungeon.
             The game lasted 00:05:44 (2043 turns).

Freyura the Distorting Demonspawn (DsAK)            Turns: 2043, Time: 00:05:44

Health: -1/35      AC: 11    Str: 12    XL:     4   Next: 37%
Magic:  6/6        EV:  7    Int: 13    God:    Lugonu [**....]
Gold:   177        SH:  0    Dex: 14    Spells: 3/3 levels left

rFire    . . .     SeeInvis .   a - +1 mace
rCold    . . .     Gourm    .   (no shield)
rNeg     + . .     Faith    .   k - +0 chain mail (curse)
rPois    .         Spirit   .   (helmet restricted)
rElec    .         Reflect  .   (no cloak)
rCorr    .         Harm     .   h - +2 pair of gloves
MR       +....                  (no boots)
Stlth    ..........             (no amulet)
HPRegen  0.11/turn              i - ring of positive energy
MPRegen  0.10/turn              g - ring of protection from magic

@: no status effects
A: antennae 1, sturdy frame 1
a: Depart the Abyss, Bend Space, Banish, Renounce Religion


You were on level 3 of the Dungeon.
You worshipped Lugonu.
Lugonu was pleased with you.
You were not hungry.

You visited 1 branch of the dungeon, and saw 3 of its levels.
You visited the Abyss 1 time.

You collected 177 gold pieces.

Inventory:

Hand Weapons
 a - a +1 mace (weapon)
Missiles
 c - 507 stones (quivered)
Armour
 b - a +1 leather armour
 h - a +2 pair of gloves (worn)
 j - a +0 ring mail
 k - a cursed +0 chain mail (worn)
Jewellery
 g - a ring of protection from magic (right hand)
 i - a ring of positive energy (left hand)
Scrolls
 o - 3 scrolls of teleportation
 p - a scroll of enchant armour
Potions
 d - a potion of curing
 l - a potion of invisibility {unknown}
 m - a potion of brilliance {unknown}
Comestibles
 e - 4 rations {!d}


   Skills:
 + Level 3.4 Fighting
 * Level 2.8 Maces & Flails
 + Level 2.3 Armour
 + Level 1.6 Dodging
 + Level 3.5 Invocations


You had 3 spell levels left.
You didn't know any spells.
Your spell library was empty.

Dungeon Overview and Level Annotations

Branches:
Dungeon (3/12)

Altars:
Cheibriados

Annotations:
D:3 Natasha


Innate Abilities, Weirdness & Mutations

You have a pair of small antennae on your head.
Your movements are slightly less encumbered by armour. (ER -2)


Message History

The adder bites you but does no damage. The adder barely misses you.
You are too injured to fight recklessly!
You are too injured to fight recklessly!
You are too injured to fight recklessly!
You are too injured to fight recklessly!
You are too injured to fight recklessly!
You are too injured to fight recklessly!
You are too injured to fight recklessly!
You are too injured to fight recklessly!
You are too injured to fight recklessly!
You are too injured to fight recklessly!
You are too injured to fight recklessly!
You are too injured to fight recklessly!
You are too injured to fight recklessly!
You are too injured to fight recklessly!
The adder barely misses you.
Natasha, Servant of Life and Death comes into view.
Natasha hisses angrily.
The adder bites you but does no damage. The ogre hits you with a +0 giant club!
You die...

..... .....
..?. ## .h ...
... ###.#
#.###.. ##
...?<##.... ..
.........## .#
#.#§##@Os#..#
#§#§#.SS.)..#
#§§#§.....>.#
#<#.......!...
#§##...#......
#§###?........
#§# ##.>...###
#.# #......$
#.# #)....##


You could see an ogre, Natasha, 2 adders and a giant cockroach.

Vanquished Creatures
  3 oozes (D:1)
  2 worms (D:2)
  6 dart slugs
  5 leopard geckos
  An orc (D:2)
  A ball python (D:1)
  2 giant cockroaches (D:1)
  10 hobgoblins
  4 bats
  2 frilled lizards
  5 goblins
  11 kobolds
  4 rats
56 creatures vanquished.

Notes
Turn   | Place    | Note
-------+----------+-------------------------------------------
     0 | Abyss:1  | Freyura the Demonspawn Abyssal Knight began the quest for
                  | the Orb.
     0 | Abyss:1  | Reached XP level 1. HP: 18/18 MP: 2/2
    12 | D:1      | Escaped the Abyss
    60 | D:1      | Reached skill level 1 in Dodging
   108 | D:1      | Gained mutation: You have a pair of small antennae on your
                  | head. [demonic ancestry]
   108 | D:1      | Reached XP level 2. HP: 22/24 MP: 4/4
   218 | D:1      | Gained mutation: Your movements are slightly less
                  | encumbered by armour. (ER -2) [demonic ancestry]
   218 | D:1      | Reached XP level 3. HP: 20/29 MP: 5/5
   228 | D:1      | Reached ** piety under Lugonu
  1308 | D:2      | Found a faded altar of an unknown god.
  1319 | D:2      | Reached XP level 4. HP: 35/35 MP: 6/6
  1710 | D:2      | Found a snail-covered altar of Cheibriados.
  2033 | D:3      | Noticed an ogre
  2043 | D:3      | Noticed Natasha
  2043 | D:3      | Slain by an ogre

Skill      XL: |  1  2 |
---------------+-------+-----
Maces & Flails | 2 |  2.8
Dodging        | 1 |  1.6
Armour         | 2 |  2.3
Invocations    | 3 |  3.5
Fighting       | |  3.4

Action                   |  1- 3 |  4- 6 || total
-------------------------+-------+-------++-------
Melee: Mace              |   122 |    52 ||   174
  Use: Scroll            |     2 |     5 ||     7
 Stab: Distracted        |     1 |       ||     1
       Sleeping          |     1 |       ||     1
  Eat: Chunk             |     1 |     3 ||     4
Armor: Leather armour    |    49 |       ||    49
       Chain mail        |     5 |    34 ||    39
       Ring mail         |     3 |       ||     3
Dodge: Dodged            |    69 |    26 ||    95
